 Dungeon Sprint DCSS version 0.24-a0-92-g7d8ec57 (webtiles) character file.

Game seed: 16137551581875064579

138 Lanoc the Slasher (level 5, -2/46 HPs)
             Began as a Demonspawn Monk on Feb 10, 2019.
             Was a High Priest of Qazlal.
             Killed from afar by a deep elf mage (38 damage)
             ... with a bolt of lightning
             ... in the Dungeon (Sprint VI: "Thunderdome").
             The game lasted 00:06:49 (517 turns).

Lanoc the Slasher (Demonspawn Monk)                  Turns: 517, Time: 00:06:50

Health: -2/46      AC:  4    Str: 27    XL:     5   Next: 14%
Magic:  7/7        EV: 15    Int: 11    God:    Qazlal [*****.]
Gold:   220        SH:  7    Dex: 17    Spells: 4/4 levels left

rFire    . . .     SeeInvis +   a - +0 falchion
rCold    + + .     Gourm    .   (no shield)
rNeg     + . .     Faith    +   b - +0 robe
rPois    .         Spirit   .   (no helmet)
rElec    .         Reflect  .   (no cloak)
rCorr    .         Harm     .   (no gloves)
MR       .....     NoTele   +   (no boots)
Stlth    +.........             q - amulet of the Slug {Faith +Blink Str+9 Dex+4}
HPRegen  0.15/turn              r - ring "Erchuleu" {+Inv rN+}
MPRegen  0.10/turn              p - ring of Fatigue {*Corrode rC+ Str+5 Dex-2 SInv}

@: repel missiles
A: talons 1, rugged brown scales 2, cold resistance 1
a: Upheaval, Elemental Force, Disaster Area, Renounce Religion, Evoke Blink,
Evoke Invisibility


You were in the Dungeon.
You worshipped Qazlal.
Qazlal was extremely pleased with you.
You were not hungry.

You visited 1 branch You collected 400 gold pieces.
You spent 180 gold pieces at shops.

Inventory:

Hand Weapons
 a - a +0 falchion (weapon)
Armour
 b - a +0 robe (worn)
Jewellery
 o - the ring "Remur" {*Slow rElec rPois rF+ MR+}
   (You bought it in a shop in the Dungeon)

   [ring of protection from magic]

   It protects you from fire.
   It insulates you from electricity.
   It protects you from poison.
   It affects your resistance to hostile enchantments.
   It may slow you when you take damage.
 p - the ring of Fatigue (right hand) {*Corrode rC+ Str+5 Dex-2 SInv}
   (You bought it in a shop in the Dungeon)

   [ring of protection from cold]

   It affects your strength (+5).
   It affects your dexterity (-2).
   It protects you from cold.
   It lets you see invisible.
   It may corrode you when you take damage.
 q - the amulet of the Slug (around neck) {Faith +Blink Str+9 Dex+4}
   (You bought it in a shop in the Dungeon)

   [amulet of faith]

   It allows you to gain divine favour quickly.
   It affects your strength (+9).
   It affects your dexterity (+4).
   It lets you blink.
 r - the ring "Erchuleu" (left hand) {+Inv rN+}
   (You bought it in a shop in the Dungeon)

   [ring of positive energy]

   It protects you from negative energy.
   It lets you turn invisible.
Wands
 j - a wand of acid (5)
 k - a wand of iceblast (5)
Scrolls
 i - 4 scrolls of blinking
 l - 3 scrolls of fog
Potions
 d - a potion of curing
 e - 3 potions of heal wounds
 f - 4 potions of haste
 g - 2 potions of magic
 h - a potion of berserk rage
 m - a potion of resistance
Comestibles
 c - a ration


   Skills:
 + Level 5.2 Fighting
 * Level 6.4 Long Blades
 + Level 3.7 Armour
 + Level 4.8 Dodging
 - Level 1.7 Stealth
 + Level 3.7 Invocations


You had 4 spell levels left.
You didn't know any spells.
Your spell library was empty.

Dungeon Overview and Level Annotations

Branches:
Dungeon (1/1)

Altars:
Cheibriados
Dithmenos
Fedhas
Gozag
Kikubaaqudgha
Makhleb
Okawaru
Qazlal
Ru
Sif Muna
Trog
Uskayaw
Vehumet
Wu Jian
Xom
Yredelemnul
Zin
The Shining One
Beogh
Jiyva
Lugonu

Shops:
D *[%??*?*:[((!!!!


Innate Abilities, Weirdness & Mutations

You have sharp toenails.
You are mostly covered in rugged brown scales. (AC +2, +5% HP)
Your flesh is cold resistant. (rC+)


Message History

There is an entrance to Moiph's Do-It-Yourself Clinic here.
Okay, then.
A deep elf mage comes into view. It is wielding a -1 short sword.
You hit the deep elf mage. You claw the deep elf mage.
The deep elf mage is lightly wounded.
You closely miss the deep elf mage. You claw the deep elf mage!
The deep elf mage is moderately wounded.
The deep elf mage barely misses you.
You riposte.
You miss the deep elf mage. Your kick misses the deep elf mage.
The deep elf mage is moderately wounded.
You completely miss the deep elf mage. Your kick misses the deep elf mage.
The deep elf mage is moderately wounded.
The deep elf mage hits you but does no damage.
You barely miss the deep elf mage. You claw the deep elf mage!
The deep elf mage is heavily wounded.
You hear a shout!
The deep elf mage points at you and mumbles some strange words.
The bolt of lightning hits you!!!
Ouch! That really hurt!
You die...

##∩.....∩## #∩.......∩#
#_......._# #_......._#
#_......._# ###.........###
#⌠○..........⌠#
######.8§e○......8.######
##∩___..°@○.###.......__∩#
###∩.....°..8.# #.8........∩
##........○.○..###...........
#⌠..........###...###........
#⌠..........# #.<.# #........
#⌠..........###...###........
##.............###...........
###∩........8.# #.8........∩
##∩___......###......__.∩#


You could see a deep elf mage.

Vanquished Creatures
  An iron imp (D)
  6 mummies (D)
  An adder (D)
  2 shadow imps (D)
  3 white imps (D)
  A leopard gecko (D)
  2 giant cockroaches (D)
  A frilled lizard (D)
17 creatures vanquished.

Notes
Turn   | Place    | Note
-------+----------+-------------------------------------------
     0 | D        | Lanoc the Demonspawn Monk began the quest for the Orb.
     0 | D        | Reached XP level 1. HP: 18/18 MP: 1/1
     1 | D        | Found a burning altar of Makhleb.
     1 | D        | Found a basalt altar of Yredelemnul.
     2 | D        | Found a glowing silver altar of Zin.
     2 | D        | Found a hide-covered altar of Uskayaw.
     3 | D        | Found a glowing golden altar of the Shining One.
     3 | D        | Found an ancient bone altar of Kikubaaqudgha.
     4 | D        | Found Daadd's Delicious Food.
     4 | D        | Found a shimmering altar of Xom.
     4 | D        | Found a bloodstained altar of Trog.
     4 | D        | Found Qireer's Identification Station.
     5 | D        | Found Bireiguo's Jewellery.
     5 | D        | Found Tuanobur's Advanced Armour.
     5 | D        | Round 1.
     7 | D        | Found a blossoming altar of Fedhas.
    11 | D        | Found a stormy altar of Qazlal.
    12 | D        | Found a radiant altar of Vehumet.
    12 | D        | Found a sacrificial altar of Ru.
    12 | D        | Found an opulent altar of Gozag.
    12 | D        | Found Zyneciosm's Magic Scroll Shop.
    12 | D        | Found Yxaenga's Staff Store.
    13 | D        | Found Sipput Munwi's Magic Scroll Shop.
    13 | D        | Found Deesmuwu's Must-Have Magic.
    19 | D        | Became a worshipper of Qazlal Stormbringer
    19 | D        | Reached * piety under Qazlal
    19 | D        | Reached ** piety under Qazlal
    25 | D        | Found a snail-covered altar of Cheibriados.
    26 | D        | Found a corrupted altar of Lugonu.
    27 | D        | Found Jouzuggebe's Distillery.
    27 | D        | Found a deep blue altar of Sif Muna.
    27 | D        | Found a shadowy altar of Dithmenos.
    27 | D        | Found Moiph's Do-It-Yourself Clinic.
    28 | D        | Found Ilaok's Distillery.
    28 | D        | Found Fajau's Bottled Wisdom.
    31 | D        | Found a viscous altar of Jiyva.
    40 | D        | Found a roughly hewn altar of Beogh.
    41 | D        | Found an ornate altar of the Wu Jian Council.
    42 | D        | Found Ymopoefu's Weapon Rack.
    43 | D        | Found Dudit's Basic Armour.
    43 | D        | Found Hophytetz's Miscellaneous Merchandise.
    44 | D        | Found an iron altar of Okawaru.
    44 | D        | Found Bahoaly's Premium Goods.
    50 | D        | Reached skill level 3 in Long Blades
    86 | D        | Bought a brightly glowing turquoise ring for 45 gold pieces
    86 | D        | Bought a fine platinum ring for 45 gold pieces
    86 | D        | Bought a scintillating amethyst amulet for 45 gold pieces
    86 | D        | Identified the ring "Remur" {*Slow rElec rPois rF+ MR+}
                  | (You bought it in a shop in the Dungeon)
    87 | D        | Identified the ring of Fatigue {*Corrode rC+ Str+5 Dex-2
                  | SInv} (You bought it in a shop in the Dungeon)
    88 | D        | Identified the amulet of the Slug {Faith +Blink Str+9
                  | Dex+4} (You bought it in a shop in the Dungeon)
    91 | D        | Reached *** piety under Qazlal
    91 | D        | Reached skill level 1 in Armour
   119 | D        | Arena points: 12 (+12) [x2]
   119 | D        | Gained mutation: You are partially covered in rugged brown
                  | scales. (AC +1, +3% HP) [demonic ancestry]
   119 | D        | Reached XP level 2. HP: 14/24 MP: 2/2
   133 | D        | Bought a heavily runed steel ring for 45 gold pieces
   135 | D        | Identified the ring "Erchuleu" {+Inv rN+} (You bought it in
                  | a shop in the Dungeon)
   174 | D        | Round 2.
   190 | D        | Reached skill level 4 in Long Blades
   205 | D        | Reached **** piety under Qazlal
   205 | D        | Gained mutation: You are mostly covered in rugged brown
                  | scales. (AC +2, +5% HP) [demonic ancestry]
   205 | D        | Reached XP level 3. HP: 15/32 MP: 3/3
   228 | D        | Reached skill level 5 in Long Blades
   281 | D        | Reached skill level 1 in Invocations
   306 | D        | Gained mutation: Your flesh is cold resistant. (rC+)
                  | [demonic ancestry]
   306 | D        | Reached XP level 4. HP: 12/39 MP: 3/5
   308 | D        | Reached ***** piety under Qazlal
   308 | D        | Arena points: 54 (+42) [x3]
   370 | D        | Round 3.
   402 | D        | Reached skill level 5 in Fighting
   412 | D        | Reached skill level 6 in Long Blades
   429 | D        | Gained mutation: You have sharp toenails. [demonic
                  | ancestry]
   429 | D        | Reached XP level 5. HP: 23/46 MP: 7/7
   435 | D        | Arena points: 138 (+84) [x4]
   490 | D        | Round 4.
   510 | D        | Noticed a deep elf mage
   517 | D        | Killed from afar by a deep elf mage

Levels and vault maps discovered:
D:        arena_sprint

Skill      XL: |  1  2  3  4 |
---------------+-------------+-----
Long Blades    | 3 4 5 6 |  6.4
Dodging        | 3 4 |  4.8
Armour         | 1 2 3 |  3.7
Fighting       | 4 5 |  5.2
Invocations    | 1 3 |  3.7
Stealth        | |  1.7

Action                   |  1- 3 |  4- 6 || total
-------------------------+-------+-------++-------
Melee: Falchion          |    39 |    29 ||    68
       Kick              |       |     4 ||     4
  Use: Potion            |     1 |       ||     1
Armor: Robe              |     4 |     2 ||     6
Dodge: Dodged            |    23 |     8 ||    31
       Deflected         |     3 |       ||     3
Block: Other             |     5 |     3 ||     8
       Rpst.: Falchion   |     9 |     3 ||    12

Table legend:
 A = Non-vault XP
 B = Vault XP
 C = Vault XP percentage of total XP
 D = Non-vault monster count
 E = Vault monster count
 F = Vault count percentage of total count
                 A         B        C        D         E       F
            +---------+---------+-------+---------+---------+-------
      Total |     223 |       0 |   0.0 |      17 |       0 |   0.0
            +---------+---------+-------+---------+---------+-------
          D |     223 |       0 |   0.0 |      17 |       0 |   0.0
            +---------+---------+-------+---------+---------+-------
